Map: Alcyone LE

Players

A.I. 1 (Very Easy)

  • Race: Zerg Zerg
  • Spawn Location: 7:00

BuRny - Winner!

  • Race: Terran Terran
  • Spawn Location: 1:00

VOD

https://youtu.be/fSz-maOwLXQ?si=SAGpijsTE8VR62ta

Description

Time

  • Played on: July 20, 2024, 5:57 p.m.
  • Length: 8:45
Show
View Real Time Build Order
Export as new Build Order

A.I. 1 (Very Easy) Zerg 

Build Orders: Pool First 

Get SALT Encoding   

  12  0:01  Drone  
  13  0:12  Overlord  
  13  0:16  Drone  
  14  0:35  Spawning Pool  
  13  0:36  Extractor  
  13  0:39  Drone  
  13  0:46  Drone  
  14  0:51  Overlord  
  14  1:22  Zergling x2, Queen  
  17  1:30  Roach Warren  
  16  1:33  Drone  
  16  1:38  Extractor  
  16  1:42  Drone, Zergling x2  
  18  1:55  Drone  
  19  2:02  Zergling x2  
  19  2:06  Drone  
  21  2:16  Drone  
  22  2:27  Drone  
  22  2:28  Overlord  
  23  2:34  Drone  
  24  2:41  Drone  
  25  5:51  Zergling x2  
  25  6:01  Drone  
  25  6:02  Lair  
  26  6:09  Drone  
  27  6:16  Drone  
  27  6:17  Overlord  
  28  6:23  Drone  
  29  6:30  Drone  
  28  6:33  Roach  
  28  6:37  Drone  
  28  7:00  Overlord  
  28  7:01  Overseer  
  28  7:02  Roach  
  28  7:06  Overlord  
  28  7:07  Overseer  
  19  7:16  Drone  
  10  7:23  Drone  
  10  7:24  Hatchery  
  10  7:25  Overlord  
  2  7:31  Drone  
  3  7:38  Drone, Hatchery  
  3  7:45  Drone  
  4  8:01  Hatchery  
Show
View Real Time Build Order
Export as new Build Order

BuRny Terran - Winner!

Build Orders: Reaper Expand, Mech 

Get SALT Encoding   

  12  0:00  SCV  
  13  0:12  SCV  
  14  0:17  Supply Depot  
  14  0:24  SCV  
  15  0:38  SCV  
  15  0:40  Barracks  
  16  0:43  Refinery  
  16  0:50  SCV  
  17  1:02  SCV  
  18  1:14  SCV  
  19  1:27  Orbital Command, Reaper  
  20  1:42  Command Center  
  20  1:51  Supply Depot  
  20  1:53  SCV  
  21  1:58  Marine  
  22  2:05  SCV  
  23  2:15  Factory  
  23  2:17  SCV  
  23  2:20  Barracks Reactor  
  24  2:29  SCV  
  25  2:41  SCV  
  26  2:46  Command Center  
  26  2:49  Refinery  
  26  2:53  SCV  
  26  2:58  Orbital Command  
  27  3:05  SCV  
  28  3:07  Starport  
  28  3:14  Hellion  
  28  3:17  SCV  
  28  3:19  Hellion  
  33  3:23  SCV  
  33  3:25  Barracks Tech Lab  
  34  3:29  SCV  
  35  3:35  SCV  
  35  3:38  Hellion  
  38  3:41  SCV  
  38  3:42  Hellion  
  38  3:46  Supply Depot  
  38  3:48  SCV  
  42  3:53  Viking  
  42  3:54  SCV  
  45  3:58  Orbital Command  
  45  4:00  SCV  
  46  4:05  Hellion  
  46  4:06  SCV  
  49  4:12  Refinery x2, SCV  
  50  4:18  SCV  
  50  4:19  Armory  
  52  4:24  SCV  
  52  4:25  Factory  
  52  4:30  SCV x2  
  54  4:32  Factory, Barracks Tech Lab  
  54  4:33  Orbital Command  
  54  4:36  SCV  
  55  4:39  Starport Reactor  
  55  4:42  SCV  
  56  4:48  SCV  
  56  4:49  Hellion  
  59  4:54  SCV  
  59  4:57  Supply Depot  
  59  4:59  SCV  
  61  5:00  SCV  
  61  5:02  Hellion  
  61  5:06  Terran Vehicle Weapons Level 1, SCV  
  65  5:08  Supply Depot  
  65  5:11  SCV  
  65  5:12  Supply Depot, SCV  
  67  5:18  SCV  
  68  5:21  Thor  
  68  5:23  SCV  
  68  5:24  SCV  
  76  5:29  Thor  
  76  5:30  SCV  
  76  5:31  Medivac  
  76  5:35  SCV  
  86  5:36  SCV  
  86  5:39  Medivac  
  86  5:40  Hellion x2  
  93  5:44  Supply Depot  
  93  5:51  Supply Depot  
  93  5:52  Infernal Pre-Igniter  
  93  6:05  Refinery  
  93  6:06  Hellion x2, Refinery, SCV x3  
  93  6:07  Supply Depot  
  93  6:11  Supply Depot  
  100  6:13  Hellion x2  
  100  6:18  SCV x3  
  107  6:20  Barracks Tech Lab  
  107  6:21  Starport Tech Lab  
  107  6:27  Hellion  
  107  6:29  Hellion, Factory  
  107  6:30  Supply Depot, SCV x3  
  107  6:32  Factory  
  114  6:40  Command Center  
  114  6:42  SCV x3  
  114  6:46  Hellion, Siege Tank  
  122  6:47  Raven  
  124  6:54  SCV  
  124  6:55  Hellion x2  
  124  7:01  Supply Depot  
  129  7:02  Supply Depot x2  
  129  7:07  Siege Tank  
  132  7:09  SCV  
  132  7:15  Supply Depot  
  133  7:17  Supply Depot  
  133  7:18  Supply Depot  
  141  7:22  SCV, Siege Tank  
  141  7:23  Hellion x2  
  141  7:24  Hellion  
  143  7:30  SCV x2  
  143  7:36  Supply Depot, Siege Tank  
  148  7:37  Raven, Supply Depot  
  148  7:39  Siege Tank  
  155  7:44  Hellion  
  155  7:45  SCV x2  
  155  7:48  SCV  
  158  7:55  Siege Tank  
  158  7:57  SCV x2  
  163  8:01  Hellion, SCV  
  163  8:02  Hellion  
  163  8:04  Refinery  
  163  8:05  Hellion, Refinery  
  170  8:08  Hellion, Siege Tank  
  170  8:09  SCV  
  170  8:11  SCV, Siege Tank  
  180  8:13  SCV  
  181  8:21  SCV  
  181  8:22  Hellion  
  181  8:23  SCV  
  181  8:25  SCV  
  195  8:34  Engineering Bay  
Tags
 
Composition
Mech
Matchup
TvZ
Spawn Locations
Cross Positions
Add a new tag
Caveats
  • Supply blocks, unpowered buildings, or Contaminate may cause inaccurate times.
  • Supply counts are checked every 10 seconds.